 Dungeon Crawl Stone Soup version 0.18.1-8-gdd0e5ea (webtiles) character file.

90 santipi the Skirmisher (level 4, -1/37 HPs)
             Began as a Demonspawn Abyssal Knight on June 11, 2016.
             Was a Believer of Lugonu.
             Slain by Grinder (6 damage)
             ... on level 3 of the Dungeon.
             The game lasted 00:10:31 (2488 turns).

santipi the Skirmisher (Demonspawn Abyssal Knight)  Turns: 2488, Time: 00:10:31

Health: -1/37      AC:  5    Str: 19    XL:     4   Next: 32%
Magic:  0/6        EV: 11    Int: 13    God:    Lugonu [**....]
Gold:   160        SH:  0    Dex: 12    Spells: 0 memorised, 3 levels left

rFire  . . .     SeeInvis .     a - +3 mace
rCold  . . .     Gourm    +     b - +0 leather armour
rNeg   . . .     Faith    .     (no shield)
rPois  .         Spirit   +     (no helmet)
rElec  .         Dismiss  .     d - +1 cloak
rCorr  .         Reflect  .     (no gloves)
SustAt .         Harm     .     (no boots)
MR     .....                    r - amulet of the gourmand
Stlth  +.........               (no ring)
                                (no ring)

@: mighty, not resistant to hostile enchantments, very unstealthy
A: hooves 1, magic shield
a: Depart the Abyss, Bend Space, Renounce Religion


You were on level 3 of the Dungeon.
You worshipped Lugonu.
Lugonu was pleased with you.
You were full.

You visited 1 branch of the dungeon, and saw 3 of its levels.
You visited the Abyss 1 time.

You collected 160 gold pieces.

Inventory:

Hand Weapons
 a - a +3 mace (weapon)
Armour
 b - a +0 leather armour (worn)
 d - a +1 cloak (worn)
Jewellery
 r - an amulet of the gourmand (around neck)
Scrolls
 e - a scroll of teleportation {unknown}
 f - a scroll of identify
 j - a scroll of fog
 m - a scroll of remove curse {unknown}
 p - a scroll of magic mapping
Potions
 i - a potion of cure mutation {unknown}
 k - a potion of berserk rage {unknown}
 n - a potion of agility {unknown}
 q - a potion of magic {unknown}
 s - a potion of invisibility {unknown}
Comestibles
 c - 4 bread rations
 l - a fruit


   Skills:
 + Level 3.9 Fighting
 + Level 2.7 Maces & Flails
 + Level 2.2 Armour
 + Level 1.3 Dodging
 + Level 2.8 Invocations


You had 3 spell levels left.
You didn't know any spells.

Dungeon Overview and Level Annotations

Branches:
Dungeon (3/15)

Altars:
Elyvilon
Gozag
Sif Muna
Trog

Annotations:
D:3 Grinder


Innate Abilities, Weirdness & Mutations

You have large cloven feet.
When hurt, damage is shared between your health and your magic reserves.


Message History

Grinder gestures at you. Pain shoots through your body! Space bends around you!
You blink.
* * * LOW HITPOINT WARNING * * *
You feel slightly less full. Grinder gestures at you.
You resist with significant effort.
Drink which item? (? for menu, Esc to quit)
It was a potion of cancellation.
You feel magically purged. Grinder gestures at you.
You resist with significant effort.
Grinder grins, showing sharp teeth.
Grinder blinks!
Drink which item? (? for menu, Esc to quit)
It was a potion of might.
You feel very mighty all of a sudden. Grinder hits you!
* * * LOW HITPOINT WARNING * * *
You writhe in agony.
You die...

#..#.#................#########.#
#..#.#.######.........# #.......
.........# #.........####.#.....
########.# #######.#......#.##.#
#.##########........#.##.# ****
#<.ยงยงยง.........####.#.##.#
,,,* #.############.####.#.##.#
,,,* #.#####...5...........##.#
,,,* #.#......@####.####.####.#
*,** #.#.###.#.# #.# #....... *,*
*#.#,* #.#.# #.# ######.# ,**
*..#,* #.#.# #.# #.. ,*
*#.#,**#.#.# #.# ### **
*,*,,,..#.# #.# ,** *,****###.#
#.# *,** **,,,,,,,..# *,* ,,,*
*,,******### *,*


You could see Grinder.

Vanquished Creatures
  An adder (D:2)
  An ooze (D:1)
  2 dart slugs
  2 giant geckos (D:1)
  5 orcs (D:3)
  8 giant cockroaches
  3 goblins
  7 hobgoblins
  A quokka (D:2)
  2 ball pythons
  7 bats
  5 giant newts
  11 kobolds
  9 rats
64 creatures vanquished.

Notes
Turn   | Place    | Note
--------------------------------------------------------------
     0 | Abyss:1  | santipi the Demonspawn Abyssal Knight began the quest for the Orb.
     0 | Abyss:1  | Reached XP level 1. HP: 18/18 MP: 2/2
   101 | Abyss:1  | Noticed a thrashing horror
   104 | D:1      | Escaped the Abyss
   177 | D:1      | Reached * piety under Lugonu
   234 | D:1      | Gained mutation: When hurt, damage is shared between your health and your magic reserves. [demonic ancestry]
   234 | D:1      | Reached XP level 2. HP: 16/24 MP: 3/3
   635 | D:1      | Reached XP level 3. HP: 27/29 MP: 3/5
  1169 | D:2      | Reached skill level 1 in Dodging
  1213 | D:2      | Found a deep blue altar of Sif Muna.
  1320 | D:2      | Found a white marble altar of Elyvilon.
  1340 | D:2      | Found a bloodstained altar of Trog.
  1438 | D:2      | Found an opulent altar of Gozag.
  1700 | D:2      | Reached ** piety under Lugonu
  1903 | D:3      | Gained mutation: You have large cloven feet. [demonic ancestry]
  1903 | D:3      | Reached XP level 4. HP: 36/37 MP: 4/6
  2461 | D:3      | Noticed Grinder
  2468 | D:3      | Paralysed by Grinder for 5 turns
  2488 | D:3      | Slain by Grinder

Skill      XL: |  1  2  3 |
---------------+----------+-----
Maces & Flails | 2 |  2.7
Armour         | 2 |  2.2
Dodging        | 1 |  1.3
Fighting       | |  3.9
Invocations    | |  2.8

Action                   |  1- 3 |  4- 6 || total
-------------------------+-------+-------++-------
Melee: Mace              |   120 |    49 ||   169
       Kick              |       |    11 ||    11
Invok: Depart the Abyss  |     1 |       ||     1
       Bend Space        |       |     1 ||     1
  Use: Scroll            |     7 |     1 ||     8
       Potion            |       |     3 ||     3
  Eat: Fruit             |     2 |       ||     2
       Chunk             |     1 |     8 ||     9
       Royal jelly       |     1 |       ||     1
Armor: Leather armour    |    40 |    23 ||    63
Dodge: Dodged            |    91 |    41 ||   132
